 Dungeon Sprint DCSS version 0.27.1-33-g824d729ab1 (webtiles) character file.

Game seed: 5290065510121475338

530 manyhoops the Cleaver (level 7, -6/111 HPs)
             Began as a Minotaur Berserker on Nov 25, 2021.
             Was a Believer of Trog.
             Mangled by a sun demon (25 damage)
             ... summoned by a kobold demonologist
             ... in the Dungeon (Sprint I: "Red Sonja").
             The game lasted 00:02:35 (539 turns).

manyhoops the Cleaver (Minotaur Berserker)           Turns: 539, Time: 00:02:35

Health: -6/111     AC:  2    Str: 23    XL:     7   Next: 3%
Magic:  6/6        EV: 12    Int:  4    God:    Trog [**....]
Gold:   270        SH:  0    Dex: 10    Spells: 6/6 levels left

rFire    . . .     SeeInvis .   a - +0 hand axe
rCold    . . .     Faith    .   (no shield)
rNeg     . . .     Spirit   .   i - +0 ring mail
rPois    .         Reflect  .   (helmet restricted)
rElec    .         Harm     .   (no cloak)
rCorr    .         Rampage  .   (no gloves)
Will     .....     NoTele   +   (no boots)
Stlth    ..........             (no amulet)
HPRegen  0.28/turn              (no ring)
MPRegen  0.10/turn              (no ring)

@: berserking (expiring), corroded, very quick
A: horns 2, retaliatory headbutt
a: Renounce Religion, Berserk, Trog's Hand


You were in the Dungeon.
You worshipped Trog.
Trog was pleased with you.
You visited 1 branch You collected 270 gold pieces.

Inventory:

Hand Weapons
 a - a +0 hand axe (weapon)
Armour
 b - a +0 animal skin
 i - a +0 ring mail (worn)
Scrolls
 h - a scroll of blinking
Potions
 e - a potion of haste
 f - 2 potions of magic


   Skills:
 + Level 11.0 Fighting
 + Level 11.5 Axes
 + Level 7.8 Armour
 + Level 5.8 Dodging


You had 6 spell levels left.
You didn't know any spells.
Your spell library was empty.

Dungeon Overview and Level Annotations

Branches:
Dungeon (1/1)

Altars:
Makhleb
Xom
Jiyva
Lugonu


Innate Abilities, Weirdness & Mutations

You have a pair of horns on your head.
You reflexively headbutt those who attack you in melee.


Message History

Unknown command.
You hit the sun demon but do no damage.
The sun demon is lightly wounded.
You hit the white imp. The white imp gestures at you.
The puff of frost hits you.
Unknown command.
You barely miss the sun demon.
The sun demon is lightly wounded.
You slash the white imp! The sun demon hits you!
You are engulfed in flames!
The kobold demonologist looks braver for a moment.
You hit the sun demon but do no damage. Your headbutt misses the sun demon.
You closely miss the white imp. The white imp gestures at you.
The puff of frost hits you! The sun demon hits you.
You are engulfed in flames!
Unknown command.
You hit the sun demon. You headbutt the sun demon.
The sun demon is lightly wounded.
You hit the white imp.
You kill the white imp!
The white imp disappears in a puff of smoke!
Unknown command.
You slash the sun demon! Your headbutt misses the sun demon.
The sun demon is moderately wounded.
The sun demon hits you!
* * * LOW HITPOINT WARNING * * *
You are engulfed in flames!
* * * LOW HITPOINT WARNING * * *
Unknown command.
Unknown command.
You hit the white imp.
The white imp is moderately wounded.
You hit the sun demon.
The kobold demonologist looks satisfied for a moment.
Unknown command.
You hit the white imp. Your headbutt misses the white imp.
The white imp is heavily wounded.
You completely miss the sun demon. The white imp barely misses you.
The sun demon hits you!!
You die...

#####################
.'..#..'..#__#..@54K#
.#..').#..'^.'..#355#
###'#####+#__####5K§+
#..# #### #### ####


You could see a sun demon (summoned), a rust devil (summoned), 2 kobold
demonologists, a quasit (summoned), a white imp (summoned), a shadow imp
(summoned) and an ufetubus (summoned).

Vanquished Creatures
  A slime creature (D)
  Sigmund (D)
  A floating eye (D)
  An ogre (D)
  Ijyb (D)
5 creatures vanquished.

Notes
Turn   | Place    | Note
-------+----------+-------------------------------------------
     0 | D        | manyhoops the Minotaur Berserker began the quest for the
                  | Orb.
     0 | D        | Reached XP level 1. HP: 19/19 MP: 0/0
     1 | D        | Noticed Ijyb
     5 | D        | Killed Ijyb
     6 | D        | Reached skill level 5 in Fighting
     6 | D        | Reached skill level 5 in Axes
     6 | D        | Reached XP level 2. HP: 29/29 MP: 1/1
    26 | D        | Noticed an ogre
    36 | D        | Killed an ogre
    37 | D        | Reached XP level 3. HP: 16/40 MP: 2/2
    37 | D        | Reached XP level 4. HP: 19/48 MP: 3/3
   357 | D        | Noticed Sigmund
   390 | D        | Killed Sigmund
   390 | D        | Reached ** piety under Trog
   391 | D        | Reached XP level 5. HP: 57/57 MP: 4/4
   474 | D        | Found a burning altar of Makhleb.
   474 | D        | Found a viscous altar of Jiyva.
   474 | D        | Found a shimmering altar of Xom.
   474 | D        | Found a corrupted altar of Lugonu.
   474 | D        | Noticed a slime creature
   479 | D        | Killed a slime creature
   480 | D        | Reached skill level 10 in Fighting
   480 | D        | Reached skill level 5 in Dodging
   480 | D        | Reached XP level 6. HP: 67/67 MP: 5/5
   524 | D        | Noticed a kobold demonologist
   524 | D        | Noticed a floating eye
   524 | D        | Noticed a kobold demonologist
   525 | D        | Noticed a rust devil
   528 | D        | Noticed a sun demon
   529 | D        | Killed a floating eye
   530 | D        | Reached XP level 7. HP: 74/74 MP: 6/6
   539 | D        | Mangled by a sun demon

Illustrated notes

Levels and vault maps discovered:
D:        dungeon_sprint_1 [red_sonja_temple_1, red_sonja_temple_small_1]

Skill      XL: |  1  2  3  4  5  6 |
---------------+-------------------+-----
Fighting       | 5 7 9 10 11 | 11.0
Axes           | 5 7 9 11 | 11.5
Armour         | 3 4 6 7 |  7.8
Dodging        | 3 4 5 |  5.8

Action                   |  1- 3 |  4- 6 |  7- 9 || total
-------------------------+-------+-------+-------++-------
Melee: Hand axe          |     9 |    18 |    10 ||    37
       Headbutt          |     2 |     3 |     2 ||     7
Invok: Berserk           |     2 |     3 |       ||     5
  Use: Potion            |       |     3 |       ||     3
Armor: Ring mail         |       |     3 |       ||     3
Dodge: Dodged            |     2 |    14 |     2 ||    18
